 Dungeon Crawl Stone Soup version 0.21.1-1-g345015f (webtiles) character file.

44 FizzWizzy the Thaumaturge (level 3, 0/25 HPs)
             Began as a Gnoll Wanderer on Apr 30, 2018.
             Slain by a jackal (2 damage)
             ... on level 2 of the Dungeon.
             The game lasted 00:06:10 (1160 turns).

FizzWizzy the Thaumaturge (Gnoll Wanderer)          Turns: 1160, Time: 00:06:12

Health: 0/25       AC:  6    Str: 16    XL:     3   Next: 60%
Magic:  7/13       EV: 10    Int: 13    God:
Gold:   91         SH:  0    Dex: 14    Spells: 19/20 levels left

rFire    . . .     SeeInvis .   a - +2 dagger
rCold    . . .     Gourm    .   (no shield)
rNeg     . . .     Faith    .   g - +0 ring mail
rPois    .         Spirit   .   m - +0 helmet
rElec    .         Reflect  .   (no cloak)
rCorr    .         Harm     .   (no gloves)
MR       .....                  (no boots)
Stlth    ++........             (no amulet)
HPRegen  0.08/turn              (no ring)
MPRegen  0.13/turn              (no ring)

@: no status effects
A: distributed training, fangs 1, strong nose
a: no special abilities


You were on level 2 of the Dungeon.
You were not hungry.

You visited 1 branch of the dungeon, and saw 2 of its levels.

You collected 91 gold pieces.

Inventory:

Hand Weapons
 a - a +2 dagger (weapon)
Missiles
 h - 21 poisoned needles
 i - 7 tomahawks of dispersal (quivered)
Armour
 e - a +0 robe
 g - a +0 ring mail (worn)
 k - a +2 scale mail of magic resistance
 m - a +0 helmet (worn)
Jewellery
 q - a +4 ring of dexterity {unknown}
Scrolls
 j - a scroll of teleportation {unknown}
 l - a scroll of enchant armour {unknown}
 n - a scroll of fear {unknown}
 o - 2 scrolls of remove curse {unknown}
 p - a scroll of immolation {unknown}
 r - a scroll of identify {unknown}
Potions
 b - a potion of berserk rage
 d - a potion of lignification
Books
 c - Sif Muna's Papyrus of Poisoning

   Spells                             Type                      Level
   a - Sting                          Conjuration/Poison           1
   b - Mephitic Cloud                 Conjuration/Poison/Air       3
Comestibles
 f - 5 rations


   Skills:
 + Level 0.8 Fighting
 + Level 0.8 Short Blades
 + Level 0.8 Long Blades
 + Level 0.8 Axes
 + Level 0.8 Maces & Flails
 + Level 0.8 Polearms
 + Level 0.8 Staves
 + Level 0.8 Slings
 + Level 0.8 Bows
 + Level 0.8 Crossbows
 + Level 0.8 Throwing
 + Level 0.8 Armour
 + Level 0.8 Dodging
 + Level 4.1 Stealth
 + Level 0.8 Shields
 + Level 0.8 Unarmed Combat
 + Level 9.3 Spellcasting
 + Level 2.1 Conjurations
 + Level 0.5 Hexes
 + Level 0.5 Charms
 + Level 0.5 Summonings
 + Level 0.5 Necromancy
 + Level 2.1 Translocations
 + Level 0.5 Transmutations
 + Level 0.5 Fire Magic
 + Level 0.5 Ice Magic
 + Level 0.5 Air Magic
 + Level 0.5 Earth Magic
 + Level 3.7 Poison Magic
 + Level 1.0 Invocations
 + Level 0.8 Evocations


You had 19 spell levels left.
You knew the following spells:

 Your Spells              Type           Power        Failure   Level  Hunger
a - Sting                 Conj/Pois      ##..         7%          1    None


Dungeon Overview and Level Annotations

Branches:
Dungeon (2/15)

Altars:


Innate Abilities, Weirdness & Mutations

Your experience applies equally to all skills.
You have very sharp teeth.
Your uncanny sense of smell can sniff out nearby items.


Message History

The jackal bites you but does no damage.
The jackal bites you.
* * * LOW HITPOINT WARNING * * *
The jackal barely misses you.
You hit the jackal.
You kill the jackal!
The jackal closely misses you.
The jackal bites you but does no damage.
Your magical contamination has completely faded away.
You are too injured to fight recklessly!
The jackal closely misses you.
The jackal bites you but does no damage.
You see here a jackal corpse.
The jackal barely misses you.
The jackal bites you but does no damage. x2
The jackal barely misses you.
You barely miss the jackal.
The hobgoblin throws a stone.
The stone closely misses you.
The stone barely misses the jackal.
The jackal bites you.
You die...

......#.......# ....### #(.##
....# #...# .#.## ##..# .#.#
#..# .#.##### #†w# .......#
#.)# ## .#.###.# #rS#####...##
.#.# .# #$ghh@.....g. .#.# #.#
##.#####...## .# ##.# #.#
#...##### .# ...# #.# #.#.....#
## #..# #.####.#.#.#.# # #..#
#.##.........# ## #..#
###....#.#.#..####.#. .# #..#
#....................
.####..####..#.#.#..#.#.####.##


You could see an adder, 2 jackals, a hobgoblin, a goblin and a rat.

Vanquished Creatures
  An ooze (D:1)
  2 worms (D:2)
  A leopard gecko (D:1)
  4 giant cockroaches
  2 hobgoblins
  5 jackals (D:2)
  3 bats
  2 frilled lizards
  2 goblins
  5 kobolds
  5 rats
32 creatures vanquished.

Notes
Turn   | Place    | Note
-------+----------+-------------------------------------------
     0 | D:1      | Reached skill level 9 in Spellcasting
     0 | D:1      | FizzWizzy the Gnoll Wanderer began the quest for the Orb.
     0 | D:1      | FizzWizzy set off with: a +2 dagger, a potion of berserk rage, Sif Muna's Papyrus of Poisoning, a potion of lignification, a +0 robe, a ration
     0 | D:1      | Reached XP level 1. HP: 13/13 MP: 10/10
     2 | D:1      | Learned a level 1 spell: Sting
   162 | D:1      | Reached XP level 2. HP: 16/19 MP: 12/12
   895 | D:2      | Reached XP level 3. HP: 18/25 MP: 13/13
  1119 | D:2      | Reached skill level 1 in Invocations
  1160 | D:2      | Slain by a jackal

Skill      XL: |  1  2  3 |
---------------+----------+-----
Spellcasting   | |  9.3
Conjurations   | 2 |  2.1
Translocations | 2 |  2.1
Invocations    | 1 |  1.0
Fighting       | |  0.8
Short Blades   | |  0.8
Long Blades    | |  0.8
Axes           | |  0.8
Maces & Flails | |  0.8
Polearms       | |  0.8
Staves         | |  0.8
Slings         | |  0.8
Bows           | |  0.8
Crossbows      | |  0.8
Throwing       | |  0.8
Armour         | |  0.8
Dodging        | |  0.8
Stealth        | |  4.1
Shields        | |  0.8
Unarmed Combat | |  0.8
Hexes          | |  0.5
Charms         | |  0.5
Summonings     | |  0.5
Necromancy     | |  0.5
Transmutations | |  0.5
Fire Magic     | |  0.5
Ice Magic      | |  0.5
Air Magic      | |  0.5
Earth Magic    | |  0.5
Poison Magic   | |  3.7
Evocations     | |  0.8

Action                   || total
-------------------------++-------
Melee: Dagger            ||    73
       Bite              ||     5
 Cast: Sting             ||    19
 Stab: Sleeping          ||     1
  Eat: Ration            ||     1
Armor: Ring mail         ||    52
Dodge: Dodged            ||    64
